 Dungeon Crawl Stone Soup version 0.19.0-20-gbc5f0c6 (webtiles) character file.

1231 kae the Basher (level 8, 0/58 HPs)
             Began as a Formicid Fighter on Nov 17, 2016.
             Was an Initiate of Okawaru (penitent).
             Slain by a minotaur (16 damage)
             ... created by the fury of Okawaru
             ... on level 6 of the Dungeon.
             The game lasted 00:05:31 (6059 turns).

kae the Basher (Formicid Fighter)                   Turns: 6059, Time: 00:05:31

Health: 0/58       AC:  9    Str: 23    XL:     8   Next: 77%
Magic:  8/8        EV:  8    Int:  8    God:    Okawaru [*]
Gold:   361        SH:  9    Dex: 10    Spells: 0 memorised, 7 levels left

rFire  . . .     SeeInvis +     a - +0 flail
rCold  . . .     Gourm    .     b - +0 scale mail
rNeg   . . .     Faith    .     c - +0 shield
rPois  .         Spirit   .     (helmet unavailable)
rElec  .         Reflect  .     o - +1 cloak
rCorr  +         Harm     .     (no gloves)
MR     .....                    (no boots)
Stlth  ..........               (no amulet)
                                (no ring)
                                r - ring of resist corrosion

@: no status effects
A: permanent stasis, dig shafts and tunnels, four strong arms, antennae 3
a: Dig, Shaft Self, Renounce Religion


You were on level 6 of the Dungeon.
You worshipped Okawaru.
Okawaru was demanding penance.
You were not hungry.

You visited 2 branches of the dungeon, and saw 7 of its levels.

You collected 361 gold pieces.

Inventory:

Hand Weapons
 a - a +0 flail (weapon)
 l - a +0 great mace
Armour
 b - a +0 scale mail (worn)
 c - a +0 shield (worn)
 o - a +1 cloak (worn)
Jewellery
 r - a ring of resist corrosion (left hand)
Wands
 d - a wand of random effects (9/48)
Scrolls
 e - 2 scrolls of remove curse
 s - 5 scrolls of identify
Potions
 g - a potion of resistance
 h - 2 potions of curing
 i - 2 potions of flight
 k - 3 potions of mutation
 q - 2 potions of agility
Comestibles
 f - 4 bread rations
 j - 3 meat rations
 m - 2 beef jerkies
 n - 2 slices of pizza
 p - a chunk of flesh


   Skills:
 - Level 3.2 Fighting
 + Level 10.1 Maces & Flails
 - Level 3.2 Armour
 - Level 3.6 Shields


You had 7 spell levels left.
You didn't know any spells.

Dungeon Overview and Level Annotations

Branches:
Dungeon (6/15)             Temple (1/1) D:6

Altars:
Ashenzari
Cheibriados
Dithmenos
Elyvilon
Fedhas
Hepliaklqana
Makhleb
Nemelex Xobeh
Okawaru
Ru
Sif Muna
Trog
Uskayaw
Vehumet
Xom
Yredelemnul
Zin
The Shining One


Innate Abilities, Weirdness & Mutations

You are under a permanent stasis effect.
You can dig through walls and to a lower floor.
Your four strong arms can wield two-handed weapons with a shield.
You have a pair of large antennae on your head. (SInv)


Message History

A minotaur and a centaur warrior come into view.
You enter the shallow water.
Moving in this stuff is going to be slow.
You see here an electric eel corpse.
You butcher the electric eel corpse.
You see here 3 chunks of flesh.
The centaur warrior hits you but does no damage.
The centaur warrior wields a longbow.
The centaur warrior shoots an arrow.
The arrow hits you!
The arrow disappears in a puff of smoke!
The minotaur hits you! You block the minotaur's attack.
The centaur warrior shoots an arrow.
The arrow closely misses you.
The arrow disappears in a puff of smoke!
Are you sure you want to shaft yourself?
You feel quite a bit more hungry. The minotaur hits you!
* * * LOW HITPOINT WARNING * * *
You block the minotaur's attack.
You begin to dig a shaft.
You continue digging a shaft.
The minotaur hits you!
You die...

###########
............#
≈≈≈..........###
≈≈≈≈............
≈≈≈≈≈..........# #.#
≈≈≈≈≈≈≈........# #.#
.≈≈≈≈≈.≈.......# #.#
≈.≈≈≈≈..P$....H###.#
.≈≈≈≈≈PP≈.....#@##.#
.≈≈≈≈≈≈≈≈..!..####.#
...≈≈≈≈≈......####.#
..≈≈≈≈≈%...........#..
#..P≈≈≈P≈..........#.#
..P≈P≈≈≈$..........#.#
....≈≈≈≈≈≈.........#.#
##.≈≈≈≈≈≈..........#.#
#..≈≈≈≈≈..........#.#


You could see a minotaur.

Vanquished Creatures
  2 ogres (D:5)
  A centaur (D:3)
  A bullfrog (D:4)
  A scorpion (D:5)
  2 electric eels (D:6)
  A crimson imp (D:5)
  A bullfrog zombie (D:5)
  A hound (D:4)
  2 jellies (D:4)
  An orc priest (D:5)
  2 gnoll shamans
  2 iguanas (D:5)
  4 orc wizards
  4 worker ants
  2 hound zombies (D:5)
  4 gnolls
  10 adders
  A shadow imp (D:5)
  An ooze (D:5)
  An adder zombie (D:5)
  6 worms
  3 dart slugs
  A leopard gecko (D:5)
  8 orcs
  A ball python (D:1)
  3 giant cockroaches
  9 goblins
  5 hobgoblins
  7 jackals
  9 kobolds
  6 bats
  9 frilled lizards
  A quokka skeleton (D:5)
  7 rats
119 creatures vanquished.

Notes
Turn   | Place    | Note
-------+----------+-------------------------------------------
     0 | D:1      | kae the Formicid Fighter began the quest for the Orb.
     0 | D:1      | Reached XP level 1. HP: 18/18 MP: 1/1
   105 | D:1      | Reached XP level 2. HP: 23/24 MP: 2/2
   159 | D:1      | Reached skill level 3 in Maces & Flails
   325 | D:1      | Reached XP level 3. HP: 13/29 MP: 3/3
  1222 | D:2      | Reached skill level 4 in Maces & Flails
  1222 | D:2      | Reached XP level 4. HP: 27/35 MP: 4/4
  2036 | D:3      | Reached XP level 5. HP: 9/41 MP: 5/5
  2403 | D:3      | Noticed a centaur
  2412 | D:3      | Killed a centaur
  2412 | D:3      | Reached skill level 5 in Maces & Flails
  2680 | D:3      | Reached XP level 6. HP: 37/47 MP: 6/6
  2837 | D:3      | Reached skill level 6 in Maces & Flails
  3063 | D:4      | Reached XP level 7. HP: 43/52 MP: 7/7
  3125 | D:4      | Reached skill level 7 in Maces & Flails
  3847 | D:5      | Entered Level 5 of the Dungeon
  4027 | D:5      | Reached skill level 8 in Maces & Flails
  4050 | D:5      | HP: 2/52 [ogre/giant spiked club (22)]
  4051 | D:5      | Reached XP level 8. HP: 2/58 MP: 8/8
  4778 | D:5      | Reached skill level 9 in Maces & Flails
  5662 | D:6      | Found a staircase to the Ecumenical Temple.
  5670 | Temple   | Entered the Ecumenical Temple
  5752 | Temple   | Became a worshipper of Warmaster Okawaru
  6027 | D:6      | Reached skill level 10 in Maces & Flails
  6037 | D:6      | Was placed under penance by Okawaru
  6048 | D:6      | Noticed a centaur warrior
  6048 | D:6      | Noticed a minotaur
  6059 | D:6      | Slain by a minotaur

Skill      XL: |  1  2  3  4  5  6  7  8 |
---------------+-------------------------+-----
Maces & Flails | 3 4 5 6 8 10 | 10.1
Fighting       | |  3.2
Armour         | |  3.2
Shields        | |  3.6

Action                   |  1- 3 |  4- 6 |  7- 9 || total
-------------------------+-------+-------+-------++-------
Melee: Flail             |   130 |   157 |   238 ||   525
 Abil: Dig               |       |     1 |     3 ||     4
       Shaft Self        |       |       |     1 ||     1
Evoke: Wand              |       |       |     7 ||     7
  Use: Scroll            |     2 |     5 |     6 ||    13
       Potion            |       |       |     3 ||     3
  Eat: Chunk             |     1 |     7 |    10 ||    18
Armor: Scale mail        |    47 |    53 |    72 ||   172
Dodge: Dodged            |    34 |    49 |    74 ||   157
Block: Shield            |    69 |    97 |    91 ||   257
